 Dungeon Crawl Stone Soup version 0.31-a0-16-g6d2539766c (webtiles) character file.

Game seed: 6747322146143976047

516 Moonkey the Conjurer (level 7, 0/40 HPs)
             Began as a Deep Elf Conjurer on May 9, 2023.
             Was an Initiate of Vehumet.
             Killed from afar by a steam dragon (17 damage)
             ... with a ball of steam
             ... on level 4 of the Dungeon.
             The game lasted 00:13:58 (4784 turns).

Moonkey the Conjurer (Deep Elf Conjurer)            Turns: 4784, Time: 00:13:59

Health: 0/40       AC: 10    Str:  4    XL:     7   Next: 0%
Magic:  11/17      EV: 13    Int: 30    God:    Vehumet [......]
Gold:   96         SH:  0    Dex: 13    Spells: 9/16 levels left

rFire   . . .        g - staff of air
rCold   . . .        (no shield)
rNeg    . . .        m - +0 robe "Uwid" {Rampage Int+5}
rPois   .            r - +2 helmet
rElec   +            n - +0 cloak
rCorr   .            (no gloves)
SInv    .            (no boots)
Will    +....        v - amulet of magic regeneration
Stlth   ++           e - +4 ring of protection
HPRegen 0.26/turn    q - ring of willpower
MPRegen 0.55/turn

%: rampage
@: no status effects
A: no striking features
a: Renounce Religion


You were on level 4 of the Dungeon.
You worshipped Vehumet.
Vehumet was noncommittal.
You visited 2 branches of the dungeon, and saw 5 of its levels.

You collected 276 gold pieces.
You spent 180 gold pieces at shops.

Inventory:

Armour
 m - the +0 robe "Uwid" (worn) {Rampage Int+5}
   (You took it off a goblin on level 2 of the Dungeon)

   Int:       It affects your intelligence (+5).
   Rampage:   It bestows one free step when moving towards enemies.
 n - a +0 cloak (worn)
 r - a +2 helmet (worn)
Magical Staves
 g - a staff of air (weapon)
Jewellery
 e - a +4 ring of protection (left hand)
 q - a ring of willpower (right hand)
 v - an amulet of magic regeneration (around neck)
Wands
 u - a wand of paralysis (7)
Scrolls
 c - a scroll of fog {unknown}
 d - a scroll of immolation {unknown}
 f - a scroll of magic mapping {unknown}
 h - a scroll of torment {unknown}
 i - a scroll of enchant armour {unknown}
 j - 5 scrolls of identify {unknown}
 t - a scroll of amnesia {unknown}
Potions
 a - 2 potions of heal wounds
 b - 5 potions of magic
 k - 3 potions of attraction
 l - a potion of ambrosia {unknown}
 o - a potion of curing
 p - 2 potions of brilliance
 s - a potion of mutation {unknown}


   Skills:
 * Level 2.5 Fighting
 + Level 3.7 Dodging
 + Level 3.9 Stealth
 * Level 5.4 Spellcasting
 * Level 5.8 Conjurations
 * Level 2.3 Translocations


You had 9 spell levels left.
You knew the following spells:

 Your Spells              Type           Power      Damage    Failure   Level
a - Magic Dart            Conj           100%       1d8       1%          1
b - Searing Ray           Conj           86%        2d7       1%          2
c - Iskenderun's Mystic   Conj/Tloc      32%        2d8       11%         4

Your spell library contained the following spells:

 Spells                   Type           Power      Damage    Failure   Level
 Kiss of Death            Conj/Necr      100%       2d13      1%          1
 Dazzling Flash           Conj/Hex       50%        N/A       4%          3
 Confusing Touch          Hex            8%         N/A       17%         3
 Fulminant Prism          Conj/Hex       12%        3d9       17%         4
 Dispel Undead            Necr           8%         3d8       50%         4


Dungeon Overview and Level Annotations

Branches:
Dungeon (4/15)             Temple (1/1) D:4

Altars:
Ashenzari
Cheibriados
Dithmenos
Elyvilon
Gozag
Hepliaklqana
Kikubaaqudgha
Nemelex Xobeh
Okawaru
Qazlal
Ru
Sif Muna
Trog
Uskayaw
Vehumet
Wu Jian
Xom
Yredelemnul
Zin
The Shining One

Shops:
D:1 [*(![

Annotations:
D:3 3 runed translucent doors, sampeng1's ghost, amateur HuBe


Message History

Aim: an ogre, wielding a +0 giant spiked club (lightly wounded, 91% to hit)
The searing ray hits the ogre!
The ogre is heavily wounded. (Press . to maintain the ray.)
The searing ray hits the ogre!
The ogre is severely wounded.
The searing ray hits the ogre!
You kill the ogre!
Vehumet accepts your kill.
You have reached level 7!
You start resting.
Magic restored.
You see here a +0 giant spiked club.
There is a fountain of clear blue water here.
A steam dragon is nearby!
Casting: Searing Ray (safe; 1% risk of failure)
Confirm with . or Enter, or press ? or * to list all spells.
Aiming: Searing Ray (safe; 1% risk of failure)
Press: ? - help, Shift-Dir - straight line, f - steam dragon
Aim: a steam dragon (wandering, hasn't noticed you, 82% to hit)
The searing ray misses the steam dragon. (Press . to maintain the ray.)
The steam dragon hisses angrily.
The steam dragon breathes steam at you. The ball of steam hits you!
You are engulfed in a cloud of scalding steam.
You are engulfed in a cloud of scalding steam.
The searing ray hits the steam dragon.
The steam dragon is lightly wounded.
You finish channelling your searing ray.
You are engulfed in a cloud of scalding steam.
Casting: Searing Ray (safe; 1% risk of failure)
Confirm with . or Enter, or press ? or * to list all spells.
The spell is quite dangerous to miscast (11% risk of failure)!
Continue anyway?
You erupt in a blast of force!
The mystic blast hits the steam dragon!
The steam dragon is heavily wounded.
You are engulfed in a cloud of scalding steam.
The steam dragon breathes steam at you. The ball of steam hits you!
You die...

......###..######.#######.#
......###..#### #.# #.#
......##......###'#######.#
.........................>#
#.###................####.#
...........#+#........###.#
#.####.....# #........#...#
#.####.(...#.####.......#.#
..#.##.#.......D@..#...##.#
#.#.##.#.#.#'###.##.##.##.#######
................§#.⌠.#...........
.........#.....#.##.##..#.#######
#.##.....#.....##..#.(#.#.#
................#.....#.#.#
#.######+#'#.#............#
#.###.................#.###
...##........#[.#.#^......#


You could see a steam dragon (catching breath).

Vanquished Creatures
  Menkaure (D:4)
  An ogre (D:4)
  Blork the orc (D:4)
  A hound (D:4)
  Ijyb (D:4)
  Robin (D:2)
  7 gnolls
  3 adders
  A worm (D:4)
  2 dart slugs
  5 orcs (D:3)
  6 bats
  5 endoplasms
  4 giant cockroaches
  12 goblins
  7 hobgoblins
  4 kobolds
  6 quokkas
  7 ball pythons
  5 frilled lizards
  3 rats
83 creatures vanquished.

Notes
Turn   | Place    | Note
-------+----------+-------------------------------------------
     0 | D:1      | Moonkey the Deep Elf Conjurer began the quest for the Orb.
     0 | D:1      | Reached XP level 1. HP: 10/10 MP: 6/6
   328 | D:1      | Reached XP level 2. HP: 16/16 MP: 6/8
   373 | D:1      | Found Eprycor's Antique Armour Emporium.
   507 | D:1      | Found Onecueck's Assorted Antiques.
   701 | D:1      | Found Xuicoo's Antique Weapon Boutique.
   770 | D:1      | Found Fuattodu's Antique Armour Shop.
   834 | D:1      | Found Xokiepi's Distillery.
  1233 | D:2      | Learned a level 2 spell: Searing Ray
  1278 | D:2      | Reached XP level 3. HP: 20/20 MP: 6/10
  1365 | D:2      | Reached skill level 1 in Fighting
  1460 | D:2      | Found a faded altar of an unknown god.
  1674 | D:2      | Reached XP level 4. HP: 25/25 MP: 9/12
  1864 | D:2      | Noticed Robin
  1870 | D:2      | Killed Robin
  1872 | D:2      | Reached skill level 5 in Conjurations
  1984 | D:2      | Identified the +0 robe "Uwid" {Rampage Int+5}
  2076 | D:2      | Found a shimmering altar of Xom.
  2254 | D:2      | Learned a level 4 spell: Iskenderun's Mystic Blast
  2521 | D:3      | Found a runed translucent gate.
  2521 | D:3      | Found a runed translucent gate.
  2521 | D:3      | Found a runed translucent gate.
  2548 | D:3      | Noticed sampeng1's ghost (amateur HuBe)
  2666 | D:3      | Reached XP level 5. HP: 30/30 MP: 11/13
  3233 | D:1      | Bought a potion of curing for 36 gold pieces
  3233 | D:1      | Bought a potion of attraction for 36 gold pieces
  3233 | D:1      | Bought a potion of brilliance for 48 gold pieces
  3233 | D:1      | Bought a potion of heal wounds for 60 gold pieces
  3460 | D:4      | Noticed Menkaure
  3539 | D:4      | Found a staircase to the Ecumenical Temple.
  3549 | Temple   | Entered the Ecumenical Temple
  3661 | Temple   | Became a worshipper of Vehumet
  3788 | D:4      | Reached skill level 1 in Translocations
  3855 | D:4      | Noticed Blork the orc
  3887 | D:4      | Noticed an ogre
  3921 | D:4      | Noticed Ijyb
  3940 | D:4      | Killed Ijyb
  4052 | D:4      | Noticed a steam dragon
  4185 | D:4      | Killed Blork the orc
  4186 | D:4      | Reached skill level 5 in Spellcasting
  4186 | D:4      | Reached XP level 6. HP: 35/35 MP: 7/15
  4280 | D:4      | Found an opulent altar of Gozag.
  4476 | D:4      | Killed Menkaure
  4533 | D:4      | Found a shadowy altar of Dithmenos.
  4717 | D:4      | Reached XP level 7. HP: 40/40 MP: 13/17
  4784 | D:4      | Killed from afar by a steam dragon

Illustrated notes

Levels and vault maps discovered:
D:1:      dpeg_arrival_oval, layout_basic, serial_shops, shop,
          nicolae_shop_hallway_plus, shop, shop, shop, minmay_misc_feat_doors
D:2:      layout_basic, shapermc_ecumenical_altar_mp_ritualfount, basic_altar,
          minmay_tetromino_l4, uniq_robin
D:3:      layout_loops_ring, gammafunk_ghost_necromancy
D:4:      layout_basic, general_overflow_altar, grunt_dithmenos_smoke,
          minmay_temple_entry_mini_moons, serial_glass, glass_columns_a,
          glass_columns_a, grunt_decor_one_mirror, uniq_blork_the_orc,
          uniq_menkaure, uniq_ijyb
Temple:   compressed_dpeg_circular_temple

Skill      XL: |  1  2  3  4  5  6 |
---------------+-------------------+-----
Fighting       | 1 2 |  2.5
Stealth        | 3 |  3.9
Spellcasting   | 4 5 |  5.4
Conjurations   | 5 |  5.8
Dodging        | 3 |  3.7
Translocations | 1 2 |  2.3

Action                     |  1- 3 |  4- 6 |  7- 9 || total
---------------------------+-------+-------+-------++-------
   Cast: Magic Dart        |    70 |    98 |       ||   168
         Searing Ray       |       |    10 |     1 ||    11
         Iskenderun's Myst |       |       |     1 ||     1
 Armour: Robe              |     2 |    12 |     1 ||    15
  Dodge: Dodged            |     1 |    13 |       ||    14

Table legend: (Time is in decaauts)
 A = Elapsed time spent in this place.
 B = Non-inter-level travel time spent in this place.
 C = Inter-level travel time spent in this place.
 D = Time resting spent in this place.
 E = Time spent auto-exploring this place.
 F = Levels seen in this place.
 G = Mean time per level.
                   A        B        C        D        E       F      G
               +--------+--------+--------+--------+--------+-----+--------+
         Total |   4787 |   4498 |    289 |   1144 |   2781 |   5 |  957.4 |
       Dungeon |   4654 |   4384 |    270 |   1144 |   2694 |   4 | 1163.5 |
        Temple |    132 |    113 |     19 |      0 |     87 |   1 |  132.0 |
               +--------+--------+--------+--------+--------+-----+--------+

Top non-repeatable levels by time:
     D:1: 1428 daAuts
     D:4: 1231 daAuts
     D:3: 1060 daAuts
     D:2: 934 daAuts
  Temple: 132 daAuts
